 Dungeon Crawl Stone Soup version 0.30.1-9-gdf580d7c3d (webtiles) character file.

Game seed: 15807571081542224240

13449 KittyFluff the Protected (level 12, -50/76 HPs)
             Began as a Gargoyle Berserker on Oct 4, 2023.
             Was a High Priest of Trog.
             Annihilated by a very large slime creature (52 damage)
             ... on level 1 of the Lair of Beasts.
             The game lasted 01:08:29 (11762 turns).

KittyFluff the Protected (Gargoyle Berserker)      Turns: 11762, Time: 01:08:30

Health: -50/76     AC: 23    Str: 25    XL:     12   Next: 6%
Magic:  12/12      EV: 15    Int:  6    God:    Trog [*****.]
Gold:   370        SH:  0    Dex: 15    Spells: 11/11 levels left

rFire   + . .        F - +2 hammer (protect)
rCold   . . .        (no shield)
rNeg    + . .        m - +3 leather armour of the Burning God {rPois Str+3}
rPois   ∞            B - +0 helmet
rElec   +            g - +0 cloak
rCorr   .            (no gloves)
SInv    .            q - +0 pair of boots
Will    +....        (no amulet)
Stlth   ++           t - ring of willpower
HPRegen 0.32/turn    n - ring of protection from fire
MPRegen 0.13/turn

%: no passive effects
@: brilliant, on berserk cooldown, attractive, slowed, very slow
A: sickness immunity, AC +8, negative energy resistance 1, electricity
resistance, torment resistance 1, petrification resistance, iridescent scales 1,
thin skeletal structure 1, dopey 1, MP-powered wands
a: Renounce Religion, Berserk, Trog's Hand, Brothers in Arms


You were on level 1 of the Lair of Beasts.
You worshipped Trog.
Trog was extremely pleased with you.
You visited 2 branches of the dungeon, and saw 11 of its levels.

You collected 696 gold pieces.
You spent 326 gold pieces at shops.

Inventory:

Hand Weapons
 a - a +4 quarterstaff of chaos
 c - a +0 sling of electrocution
 A - a +0 sling of draining
 F - a +2 hammer of protection (weapon)
 I - a +2 flail of draining
 Q - a +1 morningstar of freezing
 S - a +0 arbalest
 U - a +3 dire flail
 Z - a +4 lajatang of flaming
Missiles
 h - 31 poisoned darts (quivered)
 L - 3 boomerangs
Armour
 g - a +0 cloak (worn)
 m - the +3 leather armour of the Burning God (worn) {rPois Str+3}
   (You found it on level 3 of the Dungeon)

   Str:       It affects your strength (+3).
   rPois:     It protects you from poison.
 q - a +0 pair of boots (worn)
 B - a +0 helmet (worn)
 J - a +1 leather armour of willpower
 K - the +9 chain mail of the Enchanted Forest {rPois rF+ rCorr Int-4}
   (You bought it in a shop on level 5 of the Dungeon)

   Int:       It affects your intelligence (-4).
   rF:        It protects you from fire.
   rPois:     It protects you from poison.
   rCorr:     It protects you from acid and corrosion.
 Y - a +0 troll leather armour
Jewellery
 b - an amulet of faith
 n - a ring of protection from fire (right hand)
 t - a ring of willpower (left hand)
Wands
 s - a wand of paralysis (12)
 H - a wand of light (6)
 O - a wand of mindburst (25)
 P - a wand of digging (3)
 T - a wand of flame (8)
Scrolls
 i - 9 scrolls of teleportation {unknown}
 j - a scroll of immolation {unknown}
 l - 2 scrolls of fog {unknown}
 o - a scroll of vulnerability {unknown}
 r - 2 scrolls of magic mapping {unknown}
 w - a scroll of acquirement {unknown}
 x - 2 scrolls of blinking {unknown}
 y - 2 scrolls of amnesia {unknown}
 C - 3 scrolls of poison {unknown}
 M - a scroll of noise {unknown}
 N - 3 scrolls of enchant armour {unknown}
 R - a scroll of summoning {unknown}
 X - a scroll of identify
Potions
 d - 3 potions of might
 e - 7 potions of curing
 f - a potion of invisibility
 k - a potion of magic
 p - 3 potions of berserk rage
 u - a potion of mutation
 z - a potion of brilliance
 D - a potion of lignification {unknown}
 E - a potion of heal wounds {unknown}
 G - 2 potions of haste {unknown}
 V - a potion of flight {unknown}
Miscellaneous
 W - a phantom mirror


   Skills:
 + Level 9.2 Fighting
 * Level 11.5 Maces & Flails
 * Level 12.3 Armour
 + Level 6.7 Dodging


You had 11 spell levels left.
You didn't know any spells.
Your spell library was empty.

Dungeon Overview and Level Annotations

Branches:
Dungeon (10/15)            Temple (0/1) D:4            Lair (1/5) D:10
    Orc: D:9-12

Altars:
Ashenzari
Dithmenos
Elyvilon
Hepliaklqana
Kikubaaqudgha
Makhleb
Nemelex Xobeh
Okawaru
Qazlal
Trog
Uskayaw
Xom
Jiyva

Shops:
D:1 =   D:2 *   D:5 [   D:6 :   D:7 !   D:9 =

Annotations:
D:9 1 runed translucent door, boopmooplesden's ghost, journeyman MiFi


Innate Abilities, Weirdness & Mutations

You are immune to sickness and miasma.
Your stone body is resilient. (AC +8)
You are immune to poison.
You resist negative energy. (rN+)
You are resistant to electric shocks. (rElec)
You are resistant to unholy torment.
You are immune to petrification.
You are partially covered in iridescent scales. (AC +2)
You have a somewhat thin skeletal structure. (Dex +2, Stealth+)
You are dopey. (Int -2)
You expend magic power (3 MP) to strengthen your wands.


Message History

You sock the very large slime creature!
The very large slime creature is heavily wounded.
You completely miss the very large slime creature.
The very large slime creature is heavily wounded.
The very large slime creature completely misses you.
You sock the very large slime creature!
The very large slime creature is heavily wounded.
The very large slime creature hits you!!
You sock the very large slime creature!
The very large slime creature is heavily wounded.
You sock the very large slime creature!
The very large slime creature is severely wounded.
The very large slime creature hits you!!
* * * LOW HITPOINT WARNING * * *
You sock the very large slime creature!
The very large slime creature is severely wounded.
You are no longer berserk.
You are exhausted.
You feel yourself slow down.
It was a potion of berserk rage.
You're still recovering from your berserk rage.
The very large slime creature completely misses you.
The very large slime creature barely misses you.
It was a potion of brilliance.
You feel clever all of a sudden.
The bullfrog swells and bulges.
The very large slime creature hits you but does no damage.
It was a potion of mutation.
You feel extremely strange.
You feel your magical essence link to the dungeon's wands.
Your bones become slightly less dense.
You feel stupid.
Iridescent scales grow over part of your body.
The jelly jiggles.
The very large slime creature hits you but does no damage.
The very large slime creature hits you!
* * * LOW HITPOINT WARNING * * *
It was a potion of attraction.
You feel attractive to monsters.
The very large slime creature hits you!!!
Ouch! That really hurt!
You die...

..................#
..................#
..................#
..................#
..................#
..#####.###.####.##
..# ### ### #.# ..#
#.# ..## #@# ...#
### ##J### ..P#
##...##JYF.# ..##
#)....#YYG## ..#
)(....'.Y.# ..#
_?....'...# ..#
[=....'..## ..#
#.....#..# ..#
##...#####


You could see a very large slime creature, a glowing orange brain, 4 yaks, a
bullfrog (summoned) and a jelly.

Vanquished Creatures
  The ghost of mkat the Covert, a journeyman NaBr of Qazlal (Lair:1)
  4 two-headed ogres
  Pikel (D:6)
  Joseph (Lair:1)
  A cane toad (Lair:1)
  An unseen horror (D:9)
  2 trolls (D:10)
  3 hornets
  9 blink frogs (Lair:1)
  A wyvern (D:8)
  Eustachio (D:6)
  3 yaks (D:10)
  3 steam dragons
  Menkaure (D:7)
  The ghost of SirWinkleton the Ruffian, an amateur GrFi of Hepliaklqana (D:4)
  3 water moccasins
  A sky beast (D:8)
  2 black bears
  2 orc warriors
  3 ogres
  6 centaurs
  8 wolves (D:10)
  2 phantoms
  4 kobold brigands
  6 bullfrogs
  A gnoll sergeant (D:6)
  12 wights
  5 killer bees (D:9)
  5 howler monkeys
  4 electric eels
  Crazy Yiuf (D:5)
  A gnoll bouda (D:5)
  3 orc priests
  9 hounds
  2 sleepcaps
  A centaur skeleton (D:5)
  7 orc wizards
  A scorpion zombie (D:5)
  4 iguanas
  A howler monkey zombie (D:5)
  8 gnolls
  8 adders
  An ufetubus (D:5)
  A worm (D:2)
  5 dart slugs
  18 orcs
  6 ball pythons
  3 bats
  4 endoplasms
  3 giant cockroaches
  7 goblins
  4 hobgoblins
  4 jackals (D:3)
  4 quokkas
  5 frilled lizards
  19 kobolds
  7 rats
234 creatures vanquished.

Vanquished Creatures (others)
  An orc wizard (D:7)
  An orc (D:7)
2 creatures vanquished.

Grand Total: 236 creatures vanquished

Notes
Turn   | Place    | Note
-------+----------+-------------------------------------------
     0 | D:1      | KittyFluff the Gargoyle Berserker began the quest for the
                  | Orb.
     0 | D:1      | Reached XP level 1. HP: 14/14 MP: 1/1
   213 | D:1      | Found a faded altar of an unknown god.
   297 | D:1      | Reached XP level 2. HP: 19/19 MP: 2/2
   444 | D:1      | Found Noany's Jewellery Shop.
   546 | D:1      | Reached XP level 3. HP: 23/23 MP: 3/3
   670 | D:2      | Found Xyllilorph's Assorted Antiques.
   707 | D:2      | Reached ** piety under Trog
   765 | D:2      | You fall into a shaft and drop 1 floor!
   784 | D:3      | Reached skill level 3 in Armour
   873 | D:3      | Noticed an ogre
   882 | D:3      | Killed an ogre
   883 | D:3      | Reached XP level 4. HP: 29/29 MP: 4/4
   883 | D:3      | Reached XP level 5. HP: 33/33 MP: 5/5
   942 | D:3      | Identified the +3 leather armour of the Burning God {rPois
                  | Str+3}
  1616 | D:3      | Found a shimmering altar of Xom.
  1617 | D:3      | Found a hide-covered altar of Uskayaw.
  1617 | D:3      | Found a bloodstained altar of Trog.
  1623 | D:3      | Found a white marble altar of Elyvilon.
  1972 | D:4      | Found a staircase to the Ecumenical Temple.
  2095 | D:4      | Noticed SirWinkleton's ghost (amateur GrFi)
  2121 | D:4      | Reached skill level 4 in Armour
  2137 | D:4      | Found a runed translucent gate.
  2138 | D:4      | Found a runed translucent gate.
  2139 | D:4      | Found a runed translucent gate.
  2158 | D:4      | Reached XP level 6. HP: 38/38 MP: 6/6
  2231 | D:4      | Found a sparkling altar of Nemelex Xobeh.
  2231 | D:4      | Found a transporter.
  2240 | D:4      | Identified the staff of poison "Qyudoud" {+Blink rPois
                  | Will++}
  2615 | D:4      | Killed SirWinkleton's ghost
  2759 | D:5      | Entered Level 5 of the Dungeon
  2765 | D:5      | Reached skill level 5 in Maces & Flails
  2765 | D:5      | Reached XP level 7. HP: 44/44 MP: 7/7
  2773 | D:5      | Reached skill level 5 in Armour
  2784 | D:5      | Found Muoff's Antique Armour Shop.
  2822 | D:5      | Reached *** piety under Trog
  2919 | D:5      | Found a broken altar of Ashenzari.
  3218 | D:5      | Reached skill level 5 in Fighting
  3444 | D:5      | Found a runed translucent door.
  3445 | D:5      | Noticed Crazy Yiuf
  3456 | D:5      | Killed Crazy Yiuf
  3457 | D:5      | Reached XP level 8. HP: 34/49 MP: 8/8
  3644 | D:6      | Reached skill level 6 in Armour
  4182 | D:6      | Noticed Pikel
  4210 | D:6      | Killed Pikel
  4211 | D:6      | Reached skill level 7 in Armour
  4211 | D:6      | Reached XP level 9. HP: 32/55 MP: 9/9
  4297 | D:6      | Found Cirirris's Self-Improvement Boutique.
  4336 | D:6      | Noticed Eustachio
  4359 | D:6      | Killed Eustachio
  4831 | D:7      | Reached **** piety under Trog
  4848 | D:7      | Reached skill level 8 in Armour
  4857 | D:7      | Noticed Menkaure
  5122 | D:7      | Found Hefepec's Distillery.
  5128 | D:7      | Bought a potion of degeneration for 13 gold pieces
  5138 | D:7      | Identified the +1 spear "Xakale" {pain, Dex+5 Stlth+}
  5193 | D:7      | Killed Menkaure
  5761 | D:5      | Bought a warped chain mail for 313 gold pieces
  5761 | D:5      | Identified the +9 chain mail of the Enchanted Forest {rPois
                  | rF+ rCorr Int-4} (You bought it in a shop on level 5 of the
                  | Dungeon)
  5877 | D:8      | Noticed a hornet
  5892 | D:7      | Killed a hornet
  5893 | D:7      | Reached skill level 9 in Armour
  5965 | D:8      | Reached XP level 10. HP: 28/63 MP: 10/10
  6339 | D:8      | Reached skill level 5 in Dodging
  6515 | D:8      | Found an ancient bone altar of Kikubaaqudgha.
  6521 | D:8      | Found a shadowy altar of Dithmenos.
  6521 | D:8      | Found a burning altar of Makhleb.
  6531 | D:8      | Found a stormy altar of Qazlal.
  6535 | D:8      | Found an iron altar of Okawaru.
  7023 | D:9      | Found Yjyzag's Jewellery Shop.
  7092 | D:9      | Reached skill level 10 in Armour
  7247 | D:9      | Noticed a two-headed ogre
  7264 | D:9      | Killed a two-headed ogre
  7479 | D:9      | Reached ***** piety under Trog
  7543 | D:9      | Found a runed translucent door.
  7543 | D:9      | Found a shimmering altar of Xom.
  7543 | D:9      | Noticed boopmooplesden's ghost (journeyman MiFi)
  7543 | D:9      | Noticed a +2 scimitar of chaos
  7715 | D:9      | Found a hazy altar of Hepliaklqana.
  8020 | D:10     | Entered Level 10 of the Dungeon
  8020 | D:10     | Noticed a two-headed ogre
  8034 | D:10     | Killed a two-headed ogre
  8035 | D:10     | Reached skill level 10 in Maces & Flails
  8035 | D:10     | Reached XP level 11. HP: 54/68 MP: 11/11
  8644 | D:10     | Noticed a two-headed ogre
  8663 | D:10     | Killed a two-headed ogre
  8664 | D:10     | Reached skill level 11 in Armour
  9328 | D:10     | Noticed a two-headed ogre
  9344 | D:10     | Killed a two-headed ogre
  9967 | D:10     | Found a staircase to the Lair.
  9985 | D:10     | Received a gift from Trog
 10055 | Lair:1   | Entered Level 1 of the Lair of Beasts
 10096 | Lair:1   | Noticed Joseph
 10302 | Lair:1   | Killed Joseph
 10923 | Lair:1   | Found a runed translucent gate.
 10924 | Lair:1   | Found a runed translucent gate.
 10924 | Lair:1   | Found a runed translucent gate.
 10926 | Lair:1   | Noticed mkat's ghost (journeyman NaBr)
 10928 | Lair:1   | Noticed a glowing orange brain
 10929 | Lair:1   | Found a viscous altar of Jiyva.
 11084 | Lair:1   | Reached skill level 12 in Armour
 11743 | Lair:1   | Killed mkat's ghost
 11744 | Lair:1   | Reached XP level 12. HP: 76/76 MP: 12/12
 11761 | Lair:1   | Gained mutation: You expend magic power (3 MP) to
                  | strengthen your wands. [potion of mutation]
 11761 | Lair:1   | Gained mutation: You have a somewhat thin skeletal
                  | structure. (Dex +2, Stealth+) [potion of mutation]
 11761 | Lair:1   | Gained mutation: You are dopey. (Int -2) [potion of
                  | mutation]
 11761 | Lair:1   | Gained mutation: You are partially covered in iridescent
                  | scales. (AC +2) [potion of mutation]
 11761 | Lair:1   | HP: 1/76 [very large slime creature (8)]
 11762 | Lair:1   | Annihilated by a very large slime creature

Illustrated notes

Levels and vault maps discovered:
D:1:      evilmike_arrival_rings, layout_rooms, serial_shops,
          nicolae_shop_tiny_real_fake_doors, dreamdust_ecumenical_altar_grove,
          nicolae_titane
D:2:      layout_basic, serial_shops, nicolae_shop_advertising_works
          [nicolae_subvault_shop_adworks], hangedman_decor_points
D:3:      layout_basic, grunt_temple_overflow_open
D:4:      layout_cave_pools, grunt_nemelex_the_gamble, minmay_temple_entry_grid,
          gammafunk_ghost_split
D:5:      layout_basic, ashenzari_conservatory_becter, serial_shops,
          shop_fountains, serial_undead, serial_undead_c, serial_undead_e,
          serial_undead_c, serial_undead_d, uniq_crazy_yiuf_cottage
D:6:      layout_loops_ring, nicolae_shop_self_help, uniq_pikel, uniq_eustachio
D:7:      layout_rooms, serial_shops, shop, uniq_menkaure
D:8:      kennysheep_ambush_hall, layout_rooms, minmay_overflow_temple_star_hex,
          chequers_mini_garden, chequers_serial_rivers_micro_c
D:9:      layout_loops_ring, mainiacjoe_overflow_cross_hatched, serial_shops,
          shop_fountains, ebering_ghost_xom
D:10:     layout_cave_pods, erik_lair_island, st_stairs_1
Lair:1:   layout_big_grid, gammafunk_ghost_ooze, serial_bayou_shore_a,
          uniq_joseph

Skill      XL: |  1  2  3  4  5  6  7  8  9 10 11 |
---------------+----------------------------------+-----
Armour         | 3 4 5 7 9 10 12 | 12.3
Fighting       | 4 5 7 8 9 |  9.2
Maces & Flails | 4 5 7 8 10 11 | 11.5
Dodging        | 2 3 4 5 6 |  6.7

Action                     |  1- 3 |  4- 6 |  7- 9 | 10-12 || total
---------------------------+-------+-------+-------+-------++-------
  Melee: Mace              |   105 |   119 |   463 |   727 ||  1414
         Punch             |       |       |     4 |    10 ||    14
   Fire: Sling             |       |    16 |     1 |   140 ||   157
  Throw: Dart              |       |       |       |     4 ||     4
 Invoke: Berserk           |     1 |     1 |       |     3 ||     5
    Use: Scroll            |       |     4 |     2 |     1 ||     7
         Potion            |       |       |       |     6 ||     6
   Stab: Sleeping          |       |       |     1 |       ||     1
 Armour: Animal skin       |    22 |       |       |       ||    22
         Leather armour    |    30 |    52 |   224 |   548 ||   854
  Dodge: Dodged            |    65 |    65 |   243 |   587 ||   960
